 Dungeon Crawl Stone Soup version 0.24.0-123-gd5b16e6ec5 (webtiles) character file.

Game seed: 3771039025226061283, levelgen mode: deterministic

718 Bluestream the Chopper (level 7, -1/68 HPs)
             Began as a Deep Dwarf Fighter on Feb 2, 2020.
             Slain by an adder (2 damage)
             ... on level 5 of the Dungeon on Feb 3, 2020.
             The game lasted 00:11:32 (3094 turns).

Bluestream the Chopper (Deep Dwarf Fighter)         Turns: 3094, Time: 00:11:33

Health: -1/68      AC:  8    Str: 22    XL:     7   Next: 42%
Magic:  5/5        EV:  7    Int: 13    God:
Gold:   228        SH:  9    Dex: 12    Spells: 6/6 levels left

rFire    . . .     SeeInvis .   a - +0 war axe
rCold    . . .     Gourm    .   c - +0 shield
rNeg     . . .     Faith    .   b - +0 scale mail
rPois    .         Spirit   .   o - +0 helmet
rElec    .         Reflect  .   (no cloak)
rCorr    .         Harm     .   (no gloves)
MR       ++...                  (no boots)
Stlth    ..........             (no amulet)
HPRegen  0.00/turn              s - ring of protection from magic
MPRegen  0.09/turn              q - +5 ring of intelligence

@: lethally poisoned (-1 -> -1), non-regenerating
A: damage resistance, heal wounds, sense surroundings 1, no regeneration
a: Heal Wounds


You were on level 5 of the Dungeon.
You were not hungry.

You visited 1 branch of the dungeon, and saw 5 of its levels.

You collected 228 gold pieces.

Inventory:

Hand Weapons
 a - a +0 war axe (weapon)
Armour
 b - a +0 scale mail (worn)
 c - a +0 shield (worn)
 o - a +0 helmet (worn)
Jewellery
 j - an uncursed ring of wizardry
 q - a +5 ring of intelligence (right hand)
 r - an uncursed ring of wizardry
 s - a ring of protection from magic (left hand)
Wands
 t - a wand of disintegration (10)
 y - a wand of iceblast (6)
 C - a wand of scattershot (4)
Scrolls
 e - 2 scrolls of blinking {unknown}
 g - 4 scrolls of identify {unknown}
 i - a scroll of magic mapping {unknown}
 l - 7 scrolls of remove curse {unknown}
 m - a scroll of immolation {unknown}
 p - a scroll of fog {unknown}
 v - a scroll of fear {unknown}
 x - 2 scrolls of teleportation {unknown}
 z - a scroll of amnesia {unknown}
 A - a scroll of noise {unknown}
 B - a scroll of enchant weapon {unknown}
Potions
 d - 2 potions of might
 h - a potion of cancellation {unknown}
 k - a potion of resistance {unknown}
 n - 3 potions of heal wounds {unknown}
 u - 3 potions of flight {unknown}
 w - 2 potions of curing
 D - a potion of degeneration {unknown}
Comestibles
 f - 7 rations


   Skills:
 + Level 5.9 Fighting
 + Level 6.7 Axes
 - Level 3.2 Armour
 - Level 3.2 Shields


You had 6 spell levels left.
You didn't know any spells.
Your spell library contained the following spells:

 Spells                   Type           Power        Failure   Level  Hunger
 Confusing Touch          Hex            #.....       98%         1    ##.....
 Confuse                  Hex            #.......     100%        3    ####...
 Gell's Gravitas          Tloc           #.........   100%        3    ####...
 Petrify                  Tmut/Erth      #.......     100%        4    #####..
 Metabolic Englaciation   Hex/Ice        #.........   100%        5    ######.
 Yara's Violent Unravell  Hex/Tmut       #.........   100%        5    ######.


Dungeon Overview and Level Annotations

Branches:
Dungeon (5/15)             Temple (0/1) D:4

Altars:
Fedhas
Wu Jian
Zin


Innate Abilities, Weirdness & Mutations

You are resistant to damage.
You can heal yourself by infusing magical energy.
You passively map a small area around you.
You do not regenerate.


Message History

You block the adder's attack.
You are no longer poisoned.
The adder completely misses you. The adder closely misses you.
The adder bites you. You block the adder's attack. The adder bites you.
* * * LOW HITPOINT WARNING * * *
You are poisoned.
The adder poisons you! The adder bites you but does no damage.
You block the adder's attack. The adder bites you but does no damage.
The adder bites you but does no damage. You block the adder's attack.
You block the adder's attack. x2
The adder closely misses you. The adder bites you.
You are more poisoned.
The adder poisons you! The adder bites you.
You die...

.. #..# , . #.* #..#
##.....## .##.###..
##)......#
......#.., ........#
......#.#****.......
......#.# *.....
......#.# *...*
....)<#.### *#S#
..........# #@#
..........# #(#
##.##.##### ####.#
......# #....#
.###..# #.#..# .#
#.<# #...## .###..#
##.## ......# #.#
.#.#..## #.#


You could see an adder.

Vanquished Creatures
  An ogre (D:4)
  A scorpion (D:4)
  A hound (D:5)
  3 orc priests
  3 orc wizards (D:4)
  Jessica (D:2)
  2 worker ants (D:4)
  Ijyb (D:3)
  An iguana (D:3)
  Robin (D:2)
  3 gnolls (D:4)
  8 adders
  An ooze (D:1)
  An adder skeleton (D:4)
  6 worms
  4 dart slugs
  2 leopard geckos
  14 orcs
  6 giant cockroaches
  17 goblins
  11 hobgoblins
  10 jackals
  2 quokkas
  10 bats
  7 frilled lizards
  3 kobolds
  A leopard gecko skeleton (D:4)
  4 rats
125 creatures vanquished.

Notes
Turn   | Place    | Note
-------+----------+-------------------------------------------
     0 | D:1      | Bluestream the Deep Dwarf Fighter began the quest for the
                  | Orb.
     0 | D:1      | Reached XP level 1. HP: 20/20 MP: 1/1
    49 | D:1      | Reached XP level 2. HP: 25/28 MP: 2/2
   386 | D:2      | Reached skill level 3 in Axes
   402 | D:2      | Reached XP level 3. HP: 26/34 MP: 3/3
   445 | D:2      | Noticed Jessica
   454 | D:2      | Killed Jessica
   525 | D:2      | Reached XP level 4. HP: 30/44 MP: 4/4
   696 | D:2      | Found a blossoming altar of Fedhas.
   712 | D:2      | Noticed Robin
   733 | D:2      | Reached skill level 4 in Axes
   744 | D:2      | Killed Robin
  1118 | D:2      | Found a glowing silver altar of Zin.
  1257 | D:3      | Reached XP level 5. HP: 43/50 MP: 5/5
  1365 | D:3      | Reached skill level 5 in Axes
  1384 | D:3      | Reached XP level 6. HP: 43/58 MP: 5/5
  1624 | D:3      | Found an ornate altar of the Wu Jian Council.
  1806 | D:3      | Noticed Ijyb
  1825 | D:3      | Killed Ijyb
  1826 | D:3      | HP: 3/60 [poisoned by Ijyb]
  1838 | D:3      | HP: 3/60 [poisoned by Ijyb]
  2181 | D:4      | Reached skill level 5 in Fighting
  2553 | D:4      | Reached skill level 6 in Axes
  2593 | D:4      | Reached XP level 7. HP: 37/67 MP: 5/5
  2682 | D:4      | Found a staircase to the Ecumenical Temple.
  2863 | D:5      | Entered Level 5 of the Dungeon
  3080 | D:5      | HP: 2/68 [adder (2)]
  3086 | D:5      | HP: 1/68 [adder (1)]
  3094 | D:5      | Slain by an adder

Levels and vault maps discovered:
D:1:      minmay_arrival_jagged, layout_rooms
D:2:      layout_loops_ring, zin_treasury, overflow_temple_1_default,
          solitary_fountain, uniq_jessica, uniq_robin
D:3:      layout_loops_ring, nicolae_overflow_hidden_temple, first_ration,
          cheibrodos_sewer_entry_bend, minmay_misc_feat_square,
          guppyfry_early_orc_mine, uniq_ijyb
D:4:      layout_rooms, minmay_temple_entry_ruins
D:5:      layout_loops_ring, lemuel_doored_altar, kennysheep_mini,
          overflow_temple_1_default

Skill      XL: |  1  2  3  4  5  6 |
---------------+-------------------+-----
Fighting       | 3 4 5 |  5.9
Axes           | 3 4 5 6 |  6.7
Armour         | |  3.2
Shields        | |  3.2

Action                   |  1- 3 |  4- 6 |  7- 9 || total
-------------------------+-------+-------+-------++-------
Melee: War axe           |    58 |   336 |    36 ||   430
 Abil: Heal Wounds       |       |    10 |       ||    10
  Eat: Chunk             |       |     6 |     2 ||     8
Armor: Scale mail        |    41 |   154 |    44 ||   239
Dodge: Dodged            |    23 |    93 |    38 ||   154
Block: Shield            |    35 |   181 |    57 ||   273
